 Dungeon Crawl Stone Soup version 0.31.0-11-ge490571c62 (webtiles) character file.

Game seed: 11439024007565171866

1260 Colokkon the Covered (level 8, -2/70 HPs)
             Began as an Armataur Berserker on Feb 10, 2024.
             Was a Priest of Trog.
             Slain by a black bear (5 damage)
             ... on level 6 of the Dungeon.
             The game lasted 00:12:23 (3859 turns).

Colokkon the Covered (Armataur Berserker)           Turns: 3859, Time: 00:12:24

Health: -2/70      AC: 15    Str: 25    XL:     8   Next: 27%
Magic:  8/8        EV:  7    Int:  7    God:    Trog [***...]
Gold:   91         SH:  0    Dex: 10    Spells: 7/7 levels left

rFire   . . .        a - +1 short sword
rCold   . . .        (no shield)
rNeg    . . .        l - +1 ring mail
rPois   .            (no helmet)
rElec   .            (no cloak)
rCorr   .            (no gloves)
SInv    .            o - +2 barding
Will    .....        (no amulet)
Stlth   +            (no ring)
HPRegen 0.31/turn    (no ring)
MPRegen 0.11/turn

%: roll
@: on berserk cooldown, slowed, very slow
A: large, deformed body, tough skin 3, armoured tail, roll 2
a: Renounce Religion, Berserk, Trog's Hand


You were on level 6 of the Dungeon.
You worshipped Trog.
Trog was most pleased with you.
You visited 1 branch of the dungeon, and saw 5 of its levels.

You collected 91 gold pieces.

Inventory:

Hand Weapons
 a - a +1 short sword (weapon)
Missiles
 d - 6 javelins
Armour
 l - a +1 ring mail (worn)
 o - a +2 barding (worn)
Jewellery
 m - an amulet of magic regeneration
Talismans
 i - a maw talisman
Scrolls
 f - a scroll of summoning
 h - 2 scrolls of enchant armour
 k - a scroll of teleportation {unknown}
 p - a scroll of vulnerability {unknown}
 q - a scroll of fog {unknown}
Potions
 b - a potion of haste
 c - 3 potions of brilliance
 e - a potion of degeneration {unknown}
 g - a potion of curing {unknown}
 j - a potion of enlightenment {unknown}
 n - a potion of heal wounds {unknown}


   Skills:
 + Level 5.9 Fighting
 - Level 2.6(3.7) Short Blades
 * Level 3.9(4.3) Long Blades
 + Level 7.7 Armour
 - Level 1.3 Dodging
 + Level 3.0 Stealth


You had 7 spell levels left.
You didn't know any spells.
Your spell library was empty.

Dungeon Overview and Level Annotations

Branches:
Dungeon (6/15)             Temple (0/1) D:4

Altars:
The Shining One

Shops:
D:6 *


Innate Abilities, Weirdness & Mutations

Armour fits poorly on your strangely shaped body.
You have extremely tough skin. (AC +3)
You have a long armoured tail.
You regenerate magic and health when rolling toward enemies. (Rampage Regen)


Message History

The black bear bites you but does no damage.
The black bear claws you but does no damage.
The black bear barely misses you.
You hit the black bear but do no damage.
Your tail-slap misses the black bear.
The black bear is severely wounded.
The ufetubus hits you but does no damage.
The ufetubus barely misses you. The orc warrior closely misses you.
The black bear goes berserk!
The kobold brigand hits you but does no damage.
The ufetubus barely misses you. The ufetubus closely misses you.
You hit the ufetubus.
The ufetubus is almost dead.
The black bear bites you but does no damage.
The black bear claws you.
The black bear claws you but does no damage.
The ufetubus hits you but does no damage.
The ufetubus closely misses you.
The orc warrior hits you with a +0 morningstar.
The kobold brigand closely misses you. The black bear bites you.
The black bear claws you but does no damage. x2
The ufetubus hits you but does no damage.
The ufetubus barely misses you.
You hit the ufetubus.
You kill the ufetubus!
Trog accepts your kill. The black bear bites you!
* * * LOW HITPOINT WARNING * * *
The black bear claws you.
* * * LOW HITPOINT WARNING * * *
The black bear claws you but does no damage.
The orc warrior hits you with a +0 morningstar!
* * * LOW HITPOINT WARNING * * *
The kobold brigand hits you with a +0 club.
* * * LOW HITPOINT WARNING * * *
The black bear bites you.
* * * LOW HITPOINT WARNING * * *
The black bear claws you but does no damage.
The black bear claws you.
You die... ......... ......... ........# ........# ## ........## ##########. oo.......

#..........
...o...{######..........
#######h#........###..##
......o@'........####.##
#######K#........##.....
#l#.........#.....
#s#...).....'.._.. ..
#.#......).##..(.. #.
#.#######......... #.#
#.# #.).###..# .. #.#
#..#.##.## #. #'#
#.........


You could see an orc warrior, a black bear (berserk, poisoned), a kobold
brigand, a scorpion and an iguana.

Vanquished Creatures
  Pikel (D:4)
  An orc warrior (D:6)
  A black bear (D:6)
  A centaur (D:3)
  2 lemures (D:4)
  A bullfrog (D:6)
  A scorpion (D:3)
  An electric eel (D:6)
  A bombardier beetle (D:4)
  2 orc priests (D:6)
  3 iguanas (D:4)
  2 orc wizards (D:6)
  2 adders (D:3)
  A white imp (D:6)
  2 ufetubi (D:6)
  4 ribbon worms
  2 dart slugs
  15 orcs
  7 endoplasms
  2 giant cockroaches
  6 goblins
  8 hobgoblins
  4 jackals (D:1)
  9 kobolds
  6 quokkas
  3 ball pythons
  4 bats
  A frilled lizard (D:2)
  2 goblin zombies (D:6)
  2 hobgoblin zombies (D:6)
  2 orc skeletons (D:6)
  8 rats
107 creatures vanquished.

Notes
Turn   | Place    | Note
-------+----------+-------------------------------------------
     0 | D:1      | Colokkon the Armataur Berserker began the quest for the
                  | Orb.
     0 | D:1      | Reached XP level 1. HP: 18/18 MP: 1/1
   134 | D:1      | Reached XP level 2. HP: 16/26 MP: 2/2
   402 | D:1      | Reached skill level 1 in Long Blades
   583 | D:1      | Reached XP level 3. HP: 31/31 MP: 3/3
   586 | D:1      | Reached ** piety under Trog
  1488 | D:3      | Noticed a centaur
  1507 | D:3      | Reached skill level 1 in Stealth
  1664 | D:3      | Reached XP level 4. HP: 34/40 MP: 4/4
  1751 | D:3      | Killed a centaur
  1752 | D:3      | Reached skill level 3 in Armour
  1752 | D:3      | Reached XP level 5. HP: 46/46 MP: 5/5
  2574 | D:4      | Reached XP level 6. HP: 36/53 MP: 6/6
  2711 | D:4      | Noticed Pikel
  2725 | D:4      | Killed Pikel
  2726 | D:4      | Reached skill level 5 in Fighting
  2726 | D:4      | Reached skill level 6 in Armour
  2726 | D:4      | Gained mutation: You regenerate magic and health when
                  | rolling toward enemies. (Rampage Regen) [Armataur growth]
  2726 | D:4      | Reached XP level 7. HP: 16/61 MP: 7/7
  2903 | D:4      | Found a staircase to the Ecumenical Temple.
  3190 | D:4      | You fall into a shaft and drop 2 floors!
  3223 | D:6      | Reached skill level 7 in Armour
  3223 | D:6      | Reached XP level 8. HP: 53/70 MP: 8/8
  3349 | D:6      | Found Xuont's Assorted Antiques.
  3620 | D:6      | Found a glowing golden altar of the Shining One.
  3638 | D:6      | Reached *** piety under Trog
  3859 | D:6      | HP: 3/70 [black bear (2)]
  3859 | D:6      | Slain by a black bear

Illustrated notes

Levels and vault maps discovered:
D:1:      ncdulo_smallfort, layout_loops_ring, minmay_misc_feat_four_crosses,
          minmay_tetromino_o4
D:2:      layout_rooms
D:3:      layout_rooms
D:4:      minmay_skewed_foursquare, layout_basic, temple_pool_b, st_stairs_12,
          minmay_misc_feat_enclosed, nicolae_concentric_dashed_squares_mild,
          uniq_pargi, uniq_pikel
D:6:      layout_basic, nicolae_tso_besieged_by_evil, serial_shops, shop,
          lightli_minifort, uniq_duvessa

Skill      XL: |  1  2  3  4  5  6  7  8 |
---------------+-------------------------+-----
Fighting       | 3 4 5 |  5.9
Long Blades    | 1 2 3 |  3.9
Stealth        | 1 2 3 |  3.0
Armour         | 3 6 7 |  7.7
Short Blades   | |  2.6
Dodging        | |  1.3

Action                     |  1- 3 |  4- 6 |  7- 9 || total
---------------------------+-------+-------+-------++-------
  Melee: Short sword       |   223 |   145 |   114 ||   482
         Tailslap          |    22 |    22 |    16 ||    60
         Punch             |     1 |     1 |     1 ||     3
 Invoke: Berserk           |     1 |     5 |     5 ||    11
    Use: Scroll            |     6 |     2 |     1 ||     9
   Stab: Sleeping          |     1 |       |       ||     1
 Armour: Animal skin       |   107 |       |       ||   107
         Ring mail         |    22 |   106 |   127 ||   255
  Dodge: Dodged            |    86 |    64 |    44 ||   194
